 Dungeon Crawl Stone Soup version 0.22.0-38-g04b72b8 (webtiles) character file.

36 aMcNicky the Cudgeler (level 3, -3/29 HPs)
             Began as a Human Berserker on Aug 31, 2018.
             Was a Believer of Trog.
             Slain by a goblin
             ... wielding a +2 dagger of holy wrath
             ... led by Robin
              (7 damage)
             ... on level 2 of the Dungeon.
             The game lasted 00:11:07 (793 turns).

aMcNicky the Cudgeler (Human Berserker)              Turns: 793, Time: 00:11:08

Health: -3/29      AC:  9    Str: 18    XL:     3   Next: 57%
Magic:  3/3        EV: 10    Int:  7    God:    Trog [**....]
Gold:   103        SH:  0    Dex: 12    Spells: 2/2 levels left

rFire    . . .     SeeInvis .   a - +0 mace
rCold    . . .     Gourm    .   (no shield)
rNeg     . . .     Faith    .   g - +0 scale mail
rPois    .         Spirit   .   (no helmet)
rElec    .         Reflect  .   (no cloak)
rCorr    .         Harm     .   m - +2 pair of gloves
MR       .....                  (no boots)
Stlth    ..........             (no amulet)
HPRegen  0.09/turn              (no ring)
MPRegen  0.08/turn              (no ring)

@: berserk cooldown, slowed, very slow
A: no striking features
a: Berserk, Trog's Hand, Renounce Religion


You were on level 2 of the Dungeon.
You worshipped Trog.
Trog was pleased with you.
You were hungry.

You visited 1 branch of the dungeon, and saw 2 of its levels.

You collected 103 gold pieces.

Inventory:

Hand Weapons
 a - a +0 mace (weapon)
Armour
 b - a +0 animal skin
 f - a +0 chain mail
 g - a +0 scale mail (worn)
 m - a +2 pair of gloves (worn)
Scrolls
 j - a scroll of enchant armour {unknown}
 k - a scroll of identify {unknown}
 n - a scroll of teleportation {unknown}
Potions
 d - a potion of curing {unknown}
 e - a potion of invisibility {unknown}
 h - a potion of might {unknown}
Comestibles
 c - 3 rations


   Skills:
 + Level 3.4 Fighting
 * Level 4.0 Maces & Flails
 - Level 2.0 Armour
 - Level 2.0 Dodging


You had 2 spell levels left.
You didn't know any spells.
Your spell library was empty.

Dungeon Overview and Level Annotations

Branches:
Dungeon (2/15)

Altars:

Annotations:
D:2 Robin


Message History

The hobgoblin closely misses you.
Your skin stops crawling.
You feel less resistant to hostile enchantments.
Robin's horned helmet rattles.
The goblin hits you but does no damage. Robin throws the goblin at you!
The goblin hits you with an uncursed dagger of holy wrath.
The hobgoblin closely misses you.
You barely miss the goblin.
Robin roars a battlecry!
The hobgoblin goes into a battle-frenzy!
The goblin hits you but does no damage.
The hobgoblin hits you but does no damage.
Robin zaps a wand.
The puff of flame hits you!
* * * LOW HITPOINT WARNING * * *
It is a wand of flame (20).
The goblin closely misses you.
You hit the goblin.
The goblin is severely wounded.
The hobgoblin hits you but does no damage.
The goblin hits you with an uncursed dagger of holy wrath!
You die...

#. g... #.###ggg..
###...wggg..
###.(..##
.........####
##.###.#....####
#.####)g((####
..##.#######....#
......g@g####(..#
.###.###g......## #.
#.......# ..
###.......# ..#
+.........# #.#
#+###.......# ###.#
#.# #.......#
###...###.###....(..#
....................#


You could see Robin, a hobgoblin and a goblin.

Vanquished Creatures
  A worm (D:2)
  A dart slug (D:1)
  A leopard gecko (D:1)
  12 goblins
  3 hobgoblins
  3 kobolds (D:1)
  3 bats (D:1)
  3 frilled lizards
  A rat (D:1)
28 creatures vanquished.

Vanquished Creatures (others)
  4 toadstools (D:1)
4 creatures vanquished.

Grand Total: 32 creatures vanquished

Notes
Turn   | Place    | Note
-------+----------+-------------------------------------------
     0 | D:1      | aMcNicky the Human Berserker began the quest for the Orb.
     0 | D:1      | Reached XP level 1. HP: 18/18 MP: 1/1
   254 | D:1      | Reached XP level 2. HP: 24/24 MP: 2/2
   520 | D:1      | Reached XP level 3. HP: 29/29 MP: 3/3
   731 | D:2      | Noticed Robin
   774 | D:2      | Reached ** piety under Trog
   776 | D:2      | Reached skill level 4 in Maces & Flails
   793 | D:2      | Slain by a goblin

Skill      XL: |  1  2  3 |
---------------+----------+-----
Maces & Flails | 4 |  4.0
Fighting       | |  3.4
Armour         | |  2.0
Dodging        | |  2.0

Action                   || total
-------------------------++-------
Melee: Mace              ||    65
Invok: Berserk           ||     1
       Trog's Hand       ||     1
  Use: Scroll            ||     2
Armor: Chain mail        ||     7
       Animal skin       ||     2
       Scale mail        ||    34
Dodge: Dodged            ||    36
